 Dungeon Crawl Stone Soup version bcrawl-1.19.1 (webtiles) character file.

Game seed: 9552603244514534807

107 Freyura the Charmwright (level 4, 0/27 HPs)
             Began as a Skeleton Skald on Nov 24, 2019.
             Slain by a sky beast (2 damage)
             ... on level 3 of the Dungeon.
             The game lasted 00:08:42 (2186 turns).

Freyura the Charmwright (Skeleton Skald)            Turns: 2186, Time: 00:08:43

Health: 0/27       AC:  8    Str: 18    XL:     4   Next: 56%
Magic:  0/9        EV: 10    Int: 11    God:
Gold:   227        SH:  3    Dex:  9    Spells: 9/10 levels left

rFire    . . .     SeeInvis .   a - +0 mace
rCold    + . .     Gourm    .   o - +0 buckler
rNeg     + + +     Faith    .   f - +0 scale mail
rPois    ∞         Spirit   +   (no helmet)
rElec    +         Reflect  .   j - +0 cloak
rCorr    .         Harm     .   h - +0 pair of gloves
MR       .....     Rnd*Tele +   (no boots)
Stlth    ..........             (no amulet)
HPRegen  0.09/turn              n - ring of insulation
MPRegen  0.11/turn              q - ring of teleportation (curse)

@: very slow
A: no food or potions, cold resistance 1, deterioration 1, negative energy
resistance 3, torment resistance, unbreathing, magic shield, sturdy frame 1,
spell healing
a: no special abilities


You were on level 3 of the Dungeon.
You were not hungry.

You visited 1 branch of the dungeon, and saw 3 of its levels.

You collected 227 gold pieces.

Inventory:

Hand Weapons
 a - a +0 mace (weapon)
Armour
 f - a +0 scale mail (worn)
 h - a +0 pair of gloves (worn)
 j - a +0 cloak (worn)
 o - a +0 buckler (worn)
Jewellery
 n - a ring of insulation (left hand)
 q - a cursed ring of teleportation (right hand)
Wands
 p - a wand of acid (9)
Scrolls
 b - a scroll of enchant weapon {unknown}
 c - 2 scrolls of identify {unknown}
 d - a scroll of fear
 e - a scroll of enchant armour {unknown}
 g - a scroll of teleportation {unknown}
 i - a scroll of immolation {unknown}
 k - 2 scrolls of magic mapping {unknown}
 l - a scroll of fog {unknown}
 m - a scroll of remove curse {unknown}


   Skills:
 + Level 2.6 Fighting
 + Level 3.1 Maces & Flails
 + Level 2.2 Armour
 + Level 2.5 Dodging
 + Level 0.4 Shields
 + Level 3.7 Spellcasting
 + Level 3.8 Charms


You had 9 spell levels left.
You knew the following spells:

 Your Spells              Type           Power        Failure   Level  Hunger
a - Infusion              Chrm           ##......     17%         1    N/A

Your spell library contained the following spells:

 Spells                   Type           Power        Failure   Level  Hunger
 Song of Slaying          Chrm           ##......     26%         2    N/A
 Ozocubu's Armour         Chrm/Ice       #.......     73%         3    N/A
 Spectral Weapon          Hex/Chrm       #.......     73%         3    N/A
 Regeneration             Chrm/Necr      Unusable     N/A         3    N/A

Dungeon Overview and Level Annotations

Branches:
Dungeon (3/12)

Altars:
Hepliaklqana
Xom


Innate Abilities, Weirdness & Mutations

You do not eat or drink.
You are immune to poison.
Your flesh is cold resistant. (rC+)
Your body sometimes deteriorates upon taking damage.
You are immune to negative energy. (rN+++)
You are immune to unholy pain and torment.
You can survive without breathing.
When hurt, damage is shared between your health and your magic reserves.
Your movements are slightly less encumbered by armour. (ER -2)
Casting spells heals you.


Message History

Your magical infusion is running out.
The sky beast barely misses you.
Your unstable footing causes you to fumble your attack.
The sky beast hits you but does no damage.
You closely miss the sky beast.
The sky beast is heavily wounded.
The sky beast hits you but does no damage.
The sky beast closely misses you.
Your unstable footing causes you to fumble your attack.
The sky beast flickers out of sight!
Deactivating autopickup; reactivate with Ctrl-A.
Something hits you but does no damage.
You miss something.
A sky beast appears from thin air!
Reactivating autopickup.
The sky beast hits you but does no damage.
You completely miss the sky beast.
The sky beast is moderately wounded.
You are no longer magically infusing your attacks.
The sky beast hits you.
You die...

..####..##..##..#####.##.####
### #..# #..................
#... ...#######........ #.###
#.) ##......... ..# # #..
#....###### .##
..#...####.#.##
#.....#......###
#..............
#..#..@.).###### ##.Y####
#..# ..... ...... #..?..#..
#....# ## #....


You could see a sky beast.

Vanquished Creatures
  A worker ant (D:2)
  3 adders
  3 dart slugs
  4 leopard geckos
  3 orcs
  8 goblins
  3 hobgoblins
  3 jackals (D:2)
  2 quokkas (D:3)
  A ball python (D:3)
  3 bats
  5 frilled lizards
  3 kobolds (D:1)
  A rat (D:2)
43 creatures vanquished.

Notes
Turn   | Place    | Note
-------+----------+-------------------------------------------
     0 | D:1      | Freyura the Skeleton Skald began the quest for the Orb.
     0 | D:1      | Reached XP level 1. HP: 12/12 MP: 4/4
     9 | D:1      | Noticed a centaur
   409 | D:1      | Reached XP level 2. HP: 17/17 MP: 6/6
   871 | D:2      | Found a hazy altar of Hepliaklqana.
   872 | D:2      | Found a shimmering altar of Xom.
   872 | D:2      | Noticed a spectral ugly thing
   873 | D:2      | Noticed a spectral ugly thing
   873 | D:2      | Noticed a spectral ugly thing
  1239 | D:2      | Reached XP level 3. HP: 16/21 MP: 3/7
  1761 | D:2      | Reached XP level 4. HP: 19/27 MP: 3/9
  2148 | D:3      | Noticed a sky beast
  2180 | D:3      | HP: 1/27 [sky beast (2)]
  2186 | D:3      | Slain by a sky beast

Skill      XL: |  1  2  3 |
---------------+----------+-----
Armour         | 2 |  2.2
Maces & Flails | 3 |  3.1
Fighting       | |  2.6
Dodging        | |  2.5
Shields        | |  0.4
Spellcasting   | |  3.7
Charms         | |  3.8

Action                   |  1- 3 |  4- 6 || total
-------------------------+-------+-------++-------
Melee: Mace              |   125 |    64 ||   189
 Cast: Infusion          |    17 |     5 ||    22
Armor: Leather armour    |     5 |       ||     5
       Scale mail        |    49 |    30 ||    79
Dodge: Dodged            |   103 |    22 ||   125
Block: Buckler           |       |     7 ||     7
